 Dungeon Crawl Stone Soup version 0.30-a0-218-gedb9141078 (webtiles) character file.

Game seed: 15412401106158934207

511 Iusername the Covered (level 6, -3/55 HPs)
             Began as a Minotaur Fighter on Oct 5, 2022.
             Slain by an orc warrior
             ... wielding a +0 scimitar
              (9 damage)
             ... on level 5 of the Dungeon.
             The game lasted 00:05:10 (4069 turns).

Iusername the Covered (Minotaur Fighter)            Turns: 4069, Time: 00:05:10

Health: -3/55      AC:  8    Str: 23    XL:     6   Next: 99%
Magic:  0/5        EV: 10    Int:  5    God:
Gold:   210        SH:  4    Dex:  9    Spells: 5/5 levels left

rFire   . . .      SeeInvis .    a - +0 trident
rCold   . . .      Faith    .    c - +0 buckler
rNeg    . . .      Spirit   +    b - +0 scale mail
rPois   .          Reflect  .    (helmet restricted)
rElec   .          Harm     .    (no cloak)
rCorr   .          Rampage  .    (no gloves)
Will    .....                    p - +0 pair of boots
Stlth   ..........               r - amulet of guardian spirit
HPRegen 0.29/turn                (no ring)
MPRegen 0.09/turn                (no ring)

@: mighty
A: horns 2, retaliatory headbutt
a: no special abilities


You were on level 5 of the Dungeon.
You visited 1 branch of the dungeon, and saw 5 of its levels.

You collected 210 gold pieces.

Inventory:

Hand Weapons
 a - a +0 trident (weapon)
Armour
 b - a +0 scale mail (worn)
 c - a +0 buckler (worn)
 p - a +0 pair of boots (worn)
Jewellery
 e - a +4 ring of protection
 r - an amulet of guardian spirit (around neck)
 x - a +6 ring of dexterity
Wands
 l - a wand of iceblast (9)
 t - a wand of digging (4)
Scrolls
 g - 3 scrolls of teleportation {unknown}
 h - 4 scrolls of magic mapping {unknown}
 k - 2 scrolls of fear {unknown}
 m - 3 scrolls of immolation {unknown}
 o - 3 scrolls of identify {unknown}
 u - 2 scrolls of poison {unknown}
 w - a scroll of vulnerability {unknown}
 y - a scroll of blinking {unknown}
 z - a scroll of butterflies {unknown}
Potions
 f - 6 potions of curing {unknown}
 i - 3 potions of flight {unknown}
 j - 2 potions of heal wounds {unknown}
 n - 2 potions of haste {unknown}
 q - a potion of ambrosia {unknown}
 s - a potion of mutation {unknown}
 v - 2 potions of brilliance {unknown}
 A - 2 potions of cancellation {unknown}


   Skills:
 + Level 4.8 Fighting
 + Level 5.7 Polearms
 + Level 5.7 Armour
 + Level 1.5 Dodging
 + Level 0.7 Stealth
 + Level 5.2 Shields


You had 5 spell levels left.
You didn't know any spells.
Your spell library contained the following spells:

 Spells                   Type           Power      Damage    Failure   Level
 Ensorcelled Hibernation  Hex/Ice        0%         N/A       94%         2
 Passwall                 Tmut/Erth      0%         N/A       94%         2
 Ozocubu's Armour         Ice            0%         N/A       99%         3
 Swiftness                Air            0%         N/A       99%         3
 Metabolic Englaciation   Hex/Ice        0%         N/A       100%        5
 Simulacrum               Ice/Necr       0%         N/A       100%        6


Dungeon Overview and Level Annotations

Branches:
Dungeon (5/15)
 Temple: D:4-7

Altars:
Hepliaklqana
Ru
Xom


Innate Abilities, Weirdness & Mutations

You have a pair of horns on your head.
You reflexively headbutt those who attack you in melee.


Message History

No target in view!
There is a stone staircase leading up here.
An orc comes into view. It is wielding a +0 short sword.
An orc is nearby!
An orc is nearby!
An orc is nearby!
You hit the orc.
The orc is almost dead.
The orc hits you but does no damage.
An orc is nearby!
You hit the orc.
You kill the orc!
Things that are here:
a +0 short sword; an orc corpse An orc warrior and an orc priest come into view.
You hit the orc warrior but do no damage.
The orc warrior hits you with a +0 scimitar!
There are monsters nearby!
There are monsters nearby!
You closely miss the orc warrior. Your headbutt misses the orc warrior.
The orc warrior hits you with a +0 scimitar.
The orc priest invokes the aid of Beogh against you.
Beogh smites you!
There are monsters nearby!
You are too injured to fight recklessly!
You feel very mighty all of a sudden. The orc warrior closely misses you.
You furiously retaliate!
You headbutt the orc warrior! You barely miss the orc warrior.
The orc warrior is moderately wounded.
An orc priest comes into view. It is wielding a +0 flail.
The orc warrior hits you with a +0 scimitar!
The orc priest mumbles some strange prayers to Beogh against you.
Beogh smites you!
* * * LOW HITPOINT WARNING * * *
The orc priest shouts!
You puncture the orc warrior!
The orc warrior is heavily wounded.
The orc warrior hits you with a +0 scimitar!
You die...

#.......#.#
###<......#
####.####
#.# #.# #)#
#.#
######.#
#.ooo@.#
#.######


You could see an orc warrior and 2 orc priests.

Vanquished Creatures
  Grinder (D:3)
  The ghost of Darkkill the Shooter, a weakling HuHu of Gozag (D:3)
  2 iguanas
  2 orc wizards (D:5)
  Robin (D:3)
  6 adders
  A white imp (D:4)
  A worm (D:3)
  4 dart slugs
  4 orcs
  18 ball pythons
  4 bats
  7 endoplasms
  3 giant cockroaches
  11 hobgoblins
  7 jackals
  10 kobolds
  2 quokkas (D:1)
  3 frilled lizards
  8 goblins
  5 rats
101 creatures vanquished.

Notes
Turn   | Place    | Note
-------+----------+-------------------------------------------
     0 | D:1      | Iusername the Minotaur Fighter began the quest for the Orb.
     0 | D:1      | Reached XP level 1. HP: 19/19 MP: 0/0
    76 | D:1      | Reached XP level 2. HP: 20/27 MP: 1/1
   414 | D:1      | Reached XP level 3. HP: 33/33 MP: 2/2
  1023 | D:2      | Reached XP level 4. HP: 40/40 MP: 3/3
  1468 | D:3      | Found a runed translucent door.
  1468 | D:3      | Noticed Darkkill's ghost (weakling HuHu)
  1518 | D:3      | Killed Darkkill's ghost
  1721 | D:3      | Found a shimmering altar of Xom.
  1722 | D:3      | Found a shimmering altar of Xom.
  1725 | D:3      | Found a shimmering altar of Xom.
  1751 | D:3      | Noticed Robin
  1758 | D:3      | Killed Robin
  2052 | D:3      | Noticed Grinder
  2066 | D:3      | Killed Grinder
  2067 | D:3      | Reached skill level 5 in Polearms
  2067 | D:3      | Reached skill level 5 in Armour
  2067 | D:3      | Reached skill level 1 in Dodging
  2067 | D:3      | Reached XP level 5. HP: 22/47 MP: 1/4
  2067 | D:3      | Reached XP level 6. HP: 25/53 MP: 1/5
  3017 | D:4      | Found a sacrificial altar of Ru.
  3422 | D:4      | Found a hazy altar of Hepliaklqana.
  3749 | D:5      | Entered Level 5 of the Dungeon
  3803 | D:5      | Reached skill level 5 in Shields
  4063 | D:5      | Noticed an orc warrior
  4069 | D:5      | Slain by an orc warrior

Illustrated notes

Levels and vault maps discovered:
D:1:      lemuel_arrival_behind_the_door_small, layout_basic
D:2:      layout_loops_ring, corexii_leaking_fountain, serial_bayou_crossing
D:3:      minmay_chambers_of_threes, layout_loops_ring, xom_redecorated,
          hellmonk_ghost_happy_afterlife, serial_rivers,
          chequers_serial_rivers_large_b, chequers_serial_rivers_small_b,
          chequers_serial_rivers_room_b, chequers_serial_rivers_small_3,
          chequers_serial_rivers_micro_a, chequers_serial_rivers_small_3,
          dreamdust_princess_bridge, uniq_grinder, uniq_robin
D:4:      layout_loops_ring, lemuel_coloured_pillars_altar,
          mainiacjoe_overflow_alcove_1, chequers_decorated_corner
D:5:      layout_loops_cross, nicolae_sif_muna_condensation,
          minmay_temple_entry_drinking_statues, kennysheep_donut

Skill      XL: |  1  2  3  4  5  6 |
---------------+-------------------+-----
Shields        | 4 5 |  5.2
Armour         | 4 5 |  5.7
Fighting       | 4 |  4.8
Polearms       | 3 5 |  5.7
Dodging        | 1 |  1.5
Stealth        | |  0.7

Action                   |  1- 3 |  4- 6 || total
-------------------------+-------+-------++-------
Melee: Trident           |   101 |   176 ||   277
       Headbutt          |     6 |    20 ||    26
  Use: Potion            |       |     1 ||     1
Armor: Scale mail        |    27 |    75 ||   102
Dodge: Dodged            |    36 |    72 ||   108
Block: Buckler           |    19 |    33 ||    52

Table legend: (Time is in decaauts)
 A = Elapsed time spent in this place.
 B = Non-inter-level travel time spent in this place.
 C = Inter-level travel time spent in this place.
 D = Time resting spent in this place.
 E = Time spent auto-exploring this place.
 F = Levels seen in this place.
 G = Mean time per level.
                   A        B        C        D        E       F      G
               +--------+--------+--------+--------+--------+-----+--------+
         Total |   4154 |   4068 |     86 |    437 |   2843 |   5 |  830.8 |
       Dungeon |   4154 |   4068 |     86 |    437 |   2843 |   5 |  830.8 |
               +--------+--------+--------+--------+--------+-----+--------+

Top non-repeatable levels by time:
     D:3: 1537 daAuts
     D:4: 822 daAuts
     D:2: 790 daAuts
     D:1: 680 daAuts
     D:5: 322 daAuts
